 Dungeon Crawl Stone Soup version 0.27.1-34-g3ba077fa99 (webtiles) character file.

Game seed: 6709065735001333088

46 chmiii the Poker (level 3, -1/29 HPs)
             Began as a Merfolk Gladiator on Jan 23, 2022.
             Frozen to death by an endoplasm (5 damage)
             ... on level 3 of the Dungeon.
             The game lasted 00:05:26 (1470 turns).

chmiii the Poker (Merfolk Gladiator)                Turns: 1470, Time: 00:05:26

Health: -1/29      AC:  6    Str: 15    XL:     3   Next: 66%
Magic:  3/3        EV: 12    Int:  7    God:
Gold:   37         SH:  0    Dex: 15    Spells: 2/2 levels left

rFire    . . .     SeeInvis .   a - +0 trident
rCold    . . .     Faith    .   (no shield)
rNeg     . . .     Spirit   .   g - +0 ring mail
rPois    .         Reflect  .   c - +0 helmet
rElec    .         Harm     .   (no cloak)
rCorr    .         Rampage  .   (no gloves)
Will     .....                  (no boots)
Stlth    +.........             (no amulet)
HPRegen  0.09/turn              e - ring of wizardry
MPRegen  0.08/turn              (no ring)

@: no status effects
A: (nimble swimmer 2), mertail
a: no special abilities


You were on level 3 of the Dungeon.
You visited 1 branch of the dungeon, and saw 3 of its levels.

You collected 37 gold pieces.

Inventory:

Hand Weapons
 a - a +0 trident (weapon)
Missiles
 d - 3 throwing nets (quivered)
Armour
 b - a +0 leather armour
 c - a +0 helmet (worn)
 g - a +0 ring mail (worn)
 i - a +0 robe
Jewellery
 e - a ring of wizardry (left hand)
Scrolls
 f - 2 scrolls of teleportation {unknown}
 h - 3 scrolls of identify {unknown}
Potions
 j - a potion of heal wounds {unknown}


   Skills:
 + Level 3.0 Fighting
 * Level 6.0 Polearms
 - Level 2.0 Throwing
 - Level 4.0 Dodging


You had 2 spell levels left.
You didn't know any spells.
Your spell library contained the following spells:

 Spells                   Type           Power      Damage    Failure   Level
 Sting                    Tmut/Pois      0%         1d3       34%         1
 Poisonous Vapours        Pois/Air       0%         N/A       45%         2
 Olgreb's Toxic Radiance  Pois           0%         N/A       97%         4


Dungeon Overview and Level Annotations

Branches:
Dungeon (3/15)

Altars:

Annotations:
D:3 Jessica


Innate Abilities, Weirdness & Mutations

((You are quick and stealthy near water. (Stealth+, EV+, Speed+++)))
Your lower body shifts to a powerful aquatic tail in water.


Message History

You barely miss the ball python.
The ball python bites you but does no damage.
The ball python constricts you. Jessica barely misses you.
You puncture the ball python!
You kill the ball python!
Jessica hits you but does no damage.
You hit Jessica but do no damage. Jessica casts a spell at you.
Pain shoots through your body! The endoplasm freezes you.
You are frozen.
You closely miss Jessica. Jessica closely misses you.
The endoplasm closely misses you.
Reach: a) +0 trident
Press: ? - help, Dir - move target, f/p - Jessica
Aim: Jessica, wielding a +0 dagger and wearing a +0 robe (about 38% to evade your +0 trident)
Okay, then.
Unknown command.
You closely miss Jessica. Jessica hits you with a +0 dagger.
* * * LOW HITPOINT WARNING * * *
The endoplasm closely misses you.
You hit Jessica but do no damage. Jessica hits you but does no damage.
The endoplasm barely misses you.
You closely miss Jessica. Jessica hits you but does no damage.
The endoplasm misses you.
Your ring mail prevents you from hitting Jessica.
Jessica barely misses you.
The endoplasm hits you but does no damage.
You puncture Jessica!
Jessica is almost dead.
Jessica hits you with a +0 dagger.
* * * LOW HITPOINT WARNING * * *
The endoplasm hits you.
* * * LOW HITPOINT WARNING * * *
You barely miss Jessica.
Jessica is almost dead.
Jessica hits you but does no damage. The endoplasm freezes you.
You are frozen.
You die...

#.......#############
#...................#
#.......##########.##
###.####### #.# ####
..........## ##.##.....
...######....####.†...#
#..# #.......#### #..#
####.....# #..#
#.@@...# ...#
.......J........ .#..
................ ..#..
...$.......)#..# .. ..
................ # ...
............####
.............
>.............


You could see Jessica and an endoplasm.

Vanquished Creatures
  A gnoll (D:3)
  3 bats
  5 endoplasms (D:1)
  A giant cockroach (D:1)
  4 goblins
  3 hobgoblins
  3 jackals (D:2)
  A kobold (D:1)
  6 ball pythons
  5 rats
32 creatures vanquished.

Notes
Turn   | Place    | Note
-------+----------+-------------------------------------------
     0 | D:1      | chmiii the Merfolk Gladiator began the quest for the Orb.
     0 | D:1      | Reached XP level 1. HP: 16/16 MP: 1/1
   339 | D:1      | Reached skill level 5 in Polearms
   339 | D:1      | Reached XP level 2. HP: 18/23 MP: 2/2
  1042 | D:1      | Reached XP level 3. HP: 28/28 MP: 3/3
  1183 | D:3      | Reached skill level 6 in Polearms
  1453 | D:3      | Noticed Jessica
  1470 | D:3      | Frozen to death by an endoplasm

Illustrated notes

Levels and vault maps discovered:
D:1:      evilmike_arrival_home_sweet_home, layout_loops_ring
D:2:      layout_rooms, uniq_natasha, uniq_terence
D:3:      layout_rooms, uniq_jessica

Skill      XL: |  1  2  3 |
---------------+----------+-----
Polearms       | 5 6 |  6.0
Fighting       | 3 |  3.0
Throwing       | |  2.0
Dodging        | |  4.0

Action                   || total
-------------------------++-------
Melee: Trident           ||   106
 Stab: Sleeping          ||     3
Armor: Leather armour    ||     7
       Ring mail         ||    18
Dodge: Dodged            ||    53
